AoeStats
← AoM92

Arabia

509944674Analyzed
2v2 RM · 3d ago on Sep 28, 2026· 25m 29s· 4 players
Game mode
Random Map
Map size
Medium (4 player)
Population
200
Speed
Normal
Resources
Standard
Victory
Conquest
Starting age
Dark Age
Ending age
Imperial Age
RankedLock teamsTeams togetherTeam positionsShared explorationLock speedFull tech treeHidden civsTurbo modeCheats
Victory
Defeat
🇫🇷 Ethiopians · France
1361
+15
🇭🇺 Mongols · Hungary
1359
+15
🇩🇪 Shu · Germany
1331
-15
🇬🇧 Varangians · United Kingdom
1331
-15
KRG_Redfish
6:31 Loom
9:30 Feudal Age
10:05 Double-Bit Axe
14:55 Bloodlines
15:41 Scale Barding Armor
26:30 Castle Age
ponken
6:48 Loom
9:27 Feudal Age
9:33 Man-at-Arms
14:54 Double-Bit Axe
16:02 Fletching
21:29 Castle Age
20:17 Gold Mining
21:50 Padded Archer Armor
22:12 Bodkin Arrow
21:38 Crossbowman
23:22 Gold Shaft Mining
23:00 Bow Saw
24:57 Wheelbarrow
24:34 Horse Collar
AoM92
6:41 Loom
8:39 Feudal Age
10:14 Double-Bit Axe
18:38 Fletching
19:39 Padded Archer Armor
19:51 Forging
25:04 Castle Age
25:08 Elite Skirmisher
25:46 Bodkin Arrow
Cokacolas
6:52 Loom
9:22 Feudal Age
10:42 Double-Bit Axe
13:02 Fletching
18:27 Wheelbarrow
21:51 Castle Age
20:53 Padded Archer Armor
21:38 Gold Mining
21:59 Crossbowman
22:35 Bodkin Arrow
25:02 Ballistics
Connection lost

Rejoining the realm…

Still unreachable

The connection could not be restored.

Session expired

The server has moved on; the page needs a fresh start.